 Dungeon Crawl Stone Soup version 0.17-a0-1914-gde4187c (webtiles) character file.

242 pk666 the Magician (level 5, 0/28 HPs)
             Began as a Deep Elf Wizard on Sept 26, 2015.
             Slain by a scorpion (8 damage)
             ... on level 4 of the Dungeon.
             The game lasted 00:20:35 (4486 turns).

pk666 the Magician (Deep Elf Wizard)                Turns: 4486, Time: 00:20:35

Health: 0/28       AC:  2    Str:  4    XL:     5   Next: 82%
Magic:  5/15       EV: 12    Int: 24    God:
Gold:   286        SH:  0    Dex: 13    Spells: 5 memorised, 4 levels left

rFire  . . .     SeeInvis .     e - +0 dagger (venom)
rCold  . . .     Clarity  .     a - +0 robe
rNeg   . . .     SustAt   .     (no shield)
rPois  .         Gourm    .     b - +0 hat
rElec  .         Spirit   .     (no cloak)
rCorr  .         Warding  .     (no gloves)
rMut   .         Stasis   .     (no boots)
MR     .....                    (no amulet)
Stlth  ++........               (no ring)
                                (no ring)

@: repel missiles, heavily drained, not resistant to hostile enchantments,
unstealthy
A: no striking features
a: no special abilities


You were on level 4 of the Dungeon.
You were not hungry.

You visited 1 branch of the dungeon, and saw 4 of its levels.

You collected 286 gold pieces.

Inventory:

Hand weapons
 e - a +0 dagger of venom (weapon)
Armour
 a - a +0 robe (worn)
 b - a +0 hat (worn)
Magical devices
 v - a wand of flame (22)
Scrolls
 i - 2 scrolls of immolation {unknown}
 j - 2 scrolls of remove curse {unknown}
 m - 2 scrolls of identify {unknown}
 o - 2 scrolls of teleportation {unknown}
 r - a scroll of fear {unknown}
 s - a scroll of magic mapping {unknown}
Potions
 f - a potion of haste {unknown}
 h - 3 potions of brilliance {unknown}
 k - 2 potions of might {unknown}
 n - a potion of curing {unknown}
 p - a potion of ambrosia {unknown}
 u - a potion of poison {unknown}
Books
 c - a book of Minor Magic

   Spells                             Type                      Level
   a - Magic Dart                     Conjuration                  1
   b - Blink                          Translocation                2
   c - Call Imp                       Summoning                    2
   d - Repel Missiles                 Charms/Air                   2
   e - Slow                           Hexes                        2
   f - Conjure Flame                  Conjuration/Fire             3
   g - Mephitic Cloud                 Conjuration/Poison/Air       3
Comestibles
 d - 3 bread rations
 g - a meat ration
 l - a chunk of flesh
 q - a beef jerky
 t - a royal jelly


   Skills:
 - Level 2.4(1.2) Dodging
 - Level 2.4(1.2) Stealth
 + Level 5.5(4.2) Spellcasting
 + Level 4.0(2.8) Conjurations
   Level 1.1(0.0) Summonings
 - Level 1.1(0.0) Translocations
 + Level 2.4(1.2) Air Magic
 + Level 2.5(1.4) Poison Magic


You had 4 spell levels left.
You knew the following spells:

 Your Spells              Type           Power        Failure   Level  Hunger
d - Conjure Flame         Conj/Fire      ##......     21%         3    ##.....
q - Blink                 Tloc           N/A          14%         2    None
w - Repel Missiles        Chrm/Air       #.....       12%         2    None
x - Mephitic Cloud        Conj/Pois/Air  ##......     17%         3    ##.....
z - Magic Dart            Conj           ###.         3%          1    None


Dungeon Overview and Level Annotations

Branches:
Dungeon (4/15)
 Temple: D:4-7

Altars:

Annotations:
D:4 Eustachio; Pikaro's ghost, average DrVM


Message History

The magic dart hits the scorpion.
The scorpion is severely wounded.
The scorpion closely misses you.
Casting: Magic Dart
Confirm with . or Enter, or press ? or * to list all spells.
Aiming: Magic Dart
Press: ? - help, Shift-Dir - straight line, f/p - scorpion
Aim: a scorpion (severely wounded)
The magic dart hits the scorpion.
The scorpion is severely wounded.
The scorpion barely misses you.
Casting: Magic Dart
Confirm with . or Enter, or press ? or * to list all spells.
Aiming: Magic Dart
Press: ? - help, Shift-Dir - straight line, f/p - scorpion
Aim: a scorpion (severely wounded)
The magic dart hits the scorpion.
The scorpion is severely wounded.
The scorpion stings you!
You die...

.#.##.......###.# ...
####.#..............# #s#
#.........##.##.###.###.#
#.. #.#..#.##.##. #.#
..... ###
#.#..........##.# ##...##
#.#....# # #...###.....#
#.#..#.# .# #.####......#
#.#..#.##.# #s##........#
#<........###@##.#......#
#.#.#.#.###......#......#
#...#...#
#......#.##รท..#
#.#####.# #......#......#
#...#...# #............##
#...#...# #.....#####.##
###...### ####### #.#
##.########### #.# #.#
#.......# #.#


You could see a scorpion.

Vanquished Creatures
  2 orc wizards (D:4)
  5 gnolls
  3 adders
  3 worms
  4 giant geckos
  9 orcs
  5 bats
  5 giant cockroaches
  7 goblins
  12 hobgoblins
  2 quokkas
  3 ball pythons
  3 giant newts
  4 jackals (D:3)
  15 kobolds
  6 rats
88 creatures vanquished.

Notes
Turn   | Place    | Note
--------------------------------------------------------------
     0 | D:1      | pk666 the Deep Elf Wizard began the quest for the Orb.
     0 | D:1      | Reached XP level 1. HP: 10/10 MP: 7/7
   156 | D:1      | Reached XP level 2. HP: 15/15 MP: 9/9
   233 | D:1      | Reached skill level 5 in Spellcasting
   499 | D:1      | Reached XP level 3. HP: 19/19 MP: 6/11
   503 | D:1      | Learned a level 2 spell: Blink
   506 | D:1      | Learned a level 2 spell: Repel Missiles
   510 | D:1      | Learned a level 3 spell: Conjure Flame
   514 | D:1      | Learned a level 3 spell: Mephitic Cloud
  1197 | D:2      | Reached skill level 1 in Poison Magic
  1349 | D:2      | Reached XP level 4. HP: 24/24 MP: 8/13
  1393 | D:2      | Reached skill level 1 in Air Magic
  2718 | D:3      | Reached XP level 5. HP: 28/28 MP: 8/14
  3393 | D:4      | Noticed Pikaro's ghost (average DrVM)
  3841 | D:4      | Noticed Eustachio
  4486 | D:4      | Slain by a scorpion

Vault maps used:
D:1:      minmay_arrival_open_corners, st_stairs_14, minmay_misc_feat_room
D:3:      first_bread, minmay_crystal_water
D:4:      kennysheep_mini_moat, grunt_temple_overflow_open, uniq_eustachio

Action                   |  1- 3 |  4- 6 || total
-------------------------+-------+-------++-------
Melee: Dagger            |     5 |    34 ||    39
 Cast: Magic Dart        |    67 |   155 ||   222
       Mephitic Cloud    |     1 |     3 ||     4
       Conjure Flame     |       |     4 ||     4
       Repel Missiles    |       |     1 ||     1
       Blink             |       |     1 ||     1
  Eat: Chunk             |     1 |     7 ||     8
       Pizza             |       |     1 ||     1
       Beef jerky        |       |     1 ||     1
